 Dungeon Crawl Stone Soup version 0.31-a0-1204-ge2c1a860ed (webtiles) character file.

Game seed: 1424587347952409178

52 jasper the Stinger (level 3, -2/24 HPs)
             Began as a Demonspawn Venom Mage on Dec 12, 2023.
             Slain by Crazy Yiuf
             ... wielding a +2 quarterstaff of chaos
              (12 damage)
             ... on level 2 of the Dungeon.
             The game lasted 00:03:11 (1131 turns).

jasper the Stinger (Demonspawn Venom Mage)          Turns: 1131, Time: 00:03:12

Health: -2/24      AC:  2    Str:  7    XL:     3   Next: 60%
Magic:  5/6        EV: 11    Int: 21    God:
Gold:   17         SH:  0    Dex: 12    Spells: 5/6 levels left

rFire   . . .        d - +2 mace (protect)
rCold   . . .        k - +0 buckler
rNeg    . . .        a - +0 robe
rPois   .            (no helmet)
rElec   .            (no cloak)
rCorr   .            (no gloves)
SInv    .            (no boots)
Will    .....        (no amulet)
Stlth   +            (no ring)
HPRegen 0.24/turn    (no ring)
MPRegen 0.10/turn

%: no passive effects
@: confused, lethally poisoned (-2 -> -5), very slightly contaminated, hasted,
very quick
A: foul stench 1, demonic magic 1, clever 1, MP-powered wands
a: no special abilities


You were on level 2 of the Dungeon.
You visited 1 branch of the dungeon, and saw 2 of its levels.

You collected 17 gold pieces.

Inventory:

Hand Weapons
 d - a +2 mace of protection (weapon)
Missiles
 e - 22 stones
 m - 4 poisoned darts
Armour
 a - a +0 robe (worn)
 k - a +0 buckler (worn)
Scrolls
 c - 2 scrolls of noise {unknown}
 f - 3 scrolls of enchant weapon {unknown}
 g - a scroll of poison {unknown}
 i - a scroll of amnesia {unknown}
 l - a scroll of enchant armour {unknown}
 n - a scroll of silence {unknown}
Potions
 b - a potion of magic


   Skills:
 - Level 1.7 Dodging
 - Level 1.7 Stealth
 + Level 1.6 Shields
 - Level 2.0 Spellcasting
 - Level 0.8 Transmutations
 - Level 4.1 Poison Magic


You had 5 spell levels left.
You knew the following spells:

 Your Spells              Type           Power      Damage    Failure   Level
a - Sting                 Tmut/Pois      48%        1d5       9%          1

Your spell library contained the following spells:

 Spells                   Type           Power      Damage    Failure   Level
 Poisonous Vapours        Pois/Air       20%        N/A       16%         2
 Mephitic Cloud           Conj/Pois/Air  7%         N/A       38%         3
 Olgreb's Toxic Radiance  Pois           19%        N/A       41%         4


Dungeon Overview and Level Annotations

Branches:
Dungeon (2/15)

Altars:

Annotations:
D:2 Crazy Yiuf


Innate Abilities, Weirdness & Mutations

You may rarely emit foul miasma when damaged in melee.
Spells you cast may paralyse adjacent enemies.
Your mind is acute. (Int +4, Str/Dex -1)
You expend magic power (3 MP) to strengthen your wands.


Message History

You take 1 damage, and have 23/24 hp.
You now have 4/6 mp.
Aiming: Sting (safe; 11% risk of failure)
Press: ? - help, Q - select action, (/) - cycle Shift-Dir - straight line, f/p - bat
Aim: a bat (severely wounded, poisoned, 57% to hit)
The sting hits the bat.
The bat looks even sicker.
You kill the bat!
Malevolent energies surge around you.
You now have 3/6 mp.
HP restored.
You now have 15 gold pieces (gained 6).
You now have 17 gold pieces (gained 2).
n - a scroll labelled ISIMOD VEXENUTH Health restored: 24; MP restored: 6
Found a hammer.
Found a runed translucent door.
You open the door.
Crazy Yiuf sings, "Trees, trees, trees, circus!"
Aiming: Sting (safe; 11% risk of failure)
Press: ? - help, Q - select action, (/) - cycle Shift-Dir - straight line, f - Crazy Yiuf
Aim: Crazy Yiuf, wielding a +2 quarterstaff of chaos and wearing a +2 cloak of willpower (75% to hit)
You miscast Sting.
You are very lightly contaminated with residual magic.
Nothing appears to happen.
Crazy Yiuf laughs, "Snurf!"
Crazy Yiuf hits you with a +2 quarterstaff of chaos!
You are confused.
You take 11 damage, and have 13/24 hp.
MASSIVE DAMAGE!!
You now have 5/6 mp.
It was a potion of mutation.
You feel extremely strange.
You feel clever.
You feel your magical essence link to the dungeon's wands.
Crazy Yiuf closely misses you.
Unknown command.
You are too confused!
You miss Crazy Yiuf.
Crazy Yiuf hits you with a +2 quarterstaff of chaos.
You are poisoned.
You take 1 damage, and have 12/24 hp.
It was a potion of haste.
You feel yourself speed up.
You feel sick.
Crazy Yiuf hits you with a +2 quarterstaff of chaos!
Ouch! That really hurt!
You die...

♣♣♣♣♣### ### ♣♣♣.♣.P..###
#...#♣..♣..P....##
#...g@♣♣♣♣P......##
#)..#♣♣ ♣♣.......# ###
♣♣##....# #....# #....#
######## ######....####
##.......###........#....
.....................^..
##.....###<)........####


You could see Crazy Yiuf.

Vanquished Creatures
  Jessica (D:2)
  A gnoll (D:1)
  2 ball pythons (D:1)
  An endoplasm (D:1)
  A giant cockroach (D:1)
  2 goblins (D:1)
  2 hobgoblins (D:1)
  2 bats
  A frilled lizard (D:2)
  A kobold (D:1)
  3 rats (D:1)
17 creatures vanquished.

Notes
Turn   | Place    | Note
-------+----------+-------------------------------------------
     0 | D:1      | jasper the Demonspawn Venom Mage began the quest for the
                  | Orb.
     0 | D:1      | Reached XP level 1. HP: 13/13 MP: 3/3
   401 | D:1      | Gained mutation: You may rarely emit foul miasma when
                  | damaged in melee. [demonic ancestry]
   401 | D:1      | Reached XP level 2. HP: 7/19 MP: 1/5
   554 | D:1      | Reached skill level 4 in Poison Magic
   947 | D:2      | Noticed Jessica
   974 | D:2      | Killed Jessica
   975 | D:2      | Reached skill level 1 in Shields
   975 | D:2      | Gained mutation: Spells you cast may paralyse adjacent
                  | enemies. [demonic ancestry]
   975 | D:2      | Reached XP level 3. HP: 17/24 MP: 0/6
  1123 | D:2      | Found a runed translucent door.
  1124 | D:2      | Noticed Crazy Yiuf
  1129 | D:2      | Gained mutation: Your mind is acute. (Int +4, Str/Dex -1)
                  | [potion of mutation]
  1129 | D:2      | Gained mutation: You expend magic power (3 MP) to
                  | strengthen your wands. [potion of mutation]
  1131 | D:2      | Slain by Crazy Yiuf

Illustrated notes

Levels and vault maps discovered:
D:1:      shiori_arrival_maze, layout_basic
D:2:      layout_rooms, nicolae_ecumenical_lake_church, uniq_crazy_yiuf_cottage,
          uniq_jessica

Skill      XL: |  1  2 |
---------------+-------+-----
Poison Magic   | 4 |  4.1
Shields        | 1 |  1.6
Dodging        | |  1.7
Stealth        | |  1.7
Spellcasting   | |  2.0
Transmutations | |  0.8

Action                     || total
---------------------------++-------
  Melee: Dagger            ||     6
         Mace              ||     9
   Cast: Sting             ||    28
    Use: Potion            ||     2
 Armour: Robe              ||    14
  Dodge: Dodged            ||    22
  Block: Buckler           ||     1

Table legend: (Time is in decaauts)
 A = Elapsed time spent in this place.
 B = Non-inter-level travel time spent in this place.
 C = Inter-level travel time spent in this place.
 D = Time resting spent in this place.
 E = Time spent auto-exploring this place.
 F = Levels seen in this place.
 G = Mean time per level.
                   A        B        C        D        E       F      G
               +--------+--------+--------+--------+--------+-----+--------+
         Total |   1135 |    972 |    163 |    132 |    673 |   2 |  567.5 |
       Dungeon |   1135 |    972 |    163 |    132 |    673 |   2 |  567.5 |
               +--------+--------+--------+--------+--------+-----+--------+

Top non-repeatable levels by time:
     D:1: 965 daAuts
     D:2: 170 daAuts
